 Dungeon Crawl Stone Soup version 0.20-a0-949-g916514f (webtiles) character file.

151 Dipster the Gusty (level 5, -2/35 HPs)
             Began as a Barachi Air Elementalist on Apr 4, 2017.
             Slain by an ogre
             ... wielding a +0 giant club
              (22 damage)
             ... on level 3 of the Dungeon.
             The game lasted 00:08:34 (2827 turns).

Dipster the Gusty (Barachi Air Elementalist)        Turns: 2827, Time: 00:08:35

Health: -2/35      AC:  4    Str:  9    XL:     5   Next: 33%
Magic:  2/9        EV: 12    Int: 16    God:
Gold:   121        SH:  0    Dex: 13    Spells: 2/10 levels left

rFire    . . .     SeeInvis .   r - +0 quarterstaff
rCold    . . .     Gourm    .   (shield currently unavailable)
rNeg     . . .     Faith    .   a - +0 robe
rPois    .         Spirit   .   p - +0 helmet
rElec    .         Reflect  .   (no cloak)
rCorr    .         Harm     .   q - +0 pair of gloves
MR       .....                  (no boots)
Stlth    ++........             (no amulet)
Regen    0.2/turn               (no ring)
MPRegen  0.2/turn               (no ring)

@: can't hop, very slightly contaminated, slow
A: +LOS, swims, slowness 1, strong legs 1
a: Hop


You were on level 3 of the Dungeon.
You were hungry.

You visited 1 branch of the dungeon, and saw 3 of its levels.

You collected 121 gold pieces.

Inventory:

Hand Weapons
 r - a +0 quarterstaff (weapon)
Missiles
 d - 75 stones (quivered)
 l - 8 tomahawks
 s - 3 curare-tipped needles
Armour
 a - a +0 robe (worn)
 e - a cursed +0 animal skin
 p - a +0 helmet (worn)
 q - a +0 pair of gloves (worn)
Jewellery
 k - an uncursed amulet of guardian spirit {unknown}
Scrolls
 f - a scroll of recharging {unknown}
 g - a scroll of noise {unknown}
 j - 3 scrolls of identify {unknown}
 m - 2 scrolls of remove curse {unknown}
Potions
 h - a potion of agility {unknown}
 n - 2 potions of magic {unknown}
Books
 b - a book of Air

   Spells                             Type                      Level
   a - Shock                          Conjuration/Air              1
   b - Swiftness                      Charms/Air                   2
   c - Static Discharge               Conjuration/Air              3
   d - Airstrike                      Air                          4
   e - Lightning Bolt                 Conjuration/Air              5
Comestibles
 c - 3 bread rations
 i - a royal jelly
 o - 7 chunks of flesh


   Skills:
 + Level 1.2 Staves
 - Level 2.1 Dodging
 - Level 1.7 Stealth
 + Level 3.1 Spellcasting
 + Level 3.1 Conjurations
 * Level 4.7 Air Magic


You had 2 spell levels left.
You knew the following spells:

 Your Spells              Type           Power        Failure   Level  Hunger
a - Shock                 Conj/Air       ###.         4%          1    None
b - Static Discharge      Conj/Air       ###.....     12%         3    ###....
c - Airstrike             Air            ###.......   28%         4    ####...


Dungeon Overview and Level Annotations

Branches:
Dungeon (3/15)

Altars:
Makhleb


Innate Abilities, Weirdness & Mutations

Shadows flee at your approach. (+LOS)
You can swim through water.
You cover ground slowly.
You can hop short distances.


Message History

You destroy the centaur skeleton!
Your Staves skill increases to level 1!
Your Conjurations skill increases to level 3!
You feel sick.
You see here a leather armour.
Hop to where?
Press: ? - help, Dir - move target cursor Boing!
You feel sick.
You feel sick.
You feel sick.
You are no longer poisoned.
The rat twitches its whiskers.
Casting: Shock
Confirm with . or Enter, or press ? or * to list all spells.
You miscast Static Discharge.
You are very lightly contaminated with residual magic.
Nothing appears to happen.
The ogre hits you with a giant club!!
Ouch! That really hurt!
You die...

#.......)...#######.
#.####..............
#......#.##.########
..######.##.# #.##.#
#.##r# #.##.# ##
#.##O# ..# #.##@# ..
..##<#
###.########.#
##.(..†.......# ...
#######.## #># #.#
##.## #.#
####...########.#
..<.............#


You could see an ogre and a rat.

Vanquished Creatures
  A centaur skeleton (D:3)
  An orc wizard (D:3)
  Robin (D:2)
  An adder (D:3)
  2 worms
  A dart slug (D:1)
  2 orcs (D:3)
  A ball python (D:1)
  5 giant cockroaches
  13 goblins
  10 hobgoblins
  A quokka (D:2)
  9 bats
  A frilled lizard (D:1)
  8 kobolds
  8 rats
65 creatures vanquished.

Notes
Turn   | Place    | Note
-------+----------+-------------------------------------------
     0 | D:1      | Dipster the Barachi Air Elementalist began the quest for the Orb.
     0 | D:1      | Reached XP level 1. HP: 13/13 MP: 3/3
   225 | D:1      | Reached XP level 2. HP: 11/19 MP: 0/5
  1062 | D:1      | Reached XP level 3. HP: 24/24 MP: 4/6
  1392 | D:2      | Noticed Robin
  1509 | D:1      | Reached skill level 4 in Air Magic
  1751 | D:1      | Reached XP level 4. HP: 22/30 MP: 3/7
  1977 | D:1      | Learned a level 3 spell: Static Discharge
  1982 | D:1      | Learned a level 4 spell: Airstrike
  2017 | D:2      | Killed Robin
  2476 | D:2      | Found a burning altar of Makhleb.
  2803 | D:3      | Noticed an ogre
  2812 | D:3      | Reached XP level 5. HP: 23/35 MP: 4/9
  2813 | D:3      | Reached skill level 1 in Staves
  2827 | D:3      | Slain by an ogre

Vault maps used:
D:1:      dpeg_arrival_pond, minmay_misc_feat_pillars
D:2:      lemuel_round_altar, first_bread, uniq_robin

Skill      XL: |  1  2  3  4  5 |
---------------+----------------+-----
Conjurations   | 2 3 |  3.1
Air Magic      | 4 |  4.7
Spellcasting   | 3 |  3.1
Staves         | 1 |  1.2
Dodging        | |  2.1
Stealth        | |  1.7

Action                   |  1- 3 |  4- 6 || total
-------------------------+-------+-------++-------
Melee: Club              |    22 |       ||    22
       Unarmed           |     1 |       ||     1
       Short sword       |       |     4 ||     4
       Quarterstaff      |       |     3 ||     3
 Cast: Shock             |    67 |    48 ||   115
       Airstrike         |       |     1 ||     1
       Static Discharge  |       |     1 ||     1
 Abil: Hop               |     2 |     1 ||     3
  Eat: Chunk             |     2 |     1 ||     3
       Bread ration      |     1 |       ||     1
Armor: Robe              |    20 |     7 ||    27
Dodge: Dodged            |    51 |    12 ||    63
